 Dungeon Crawl Stone Soup version 0.30-a0-782-ge64f9170bb (webtiles) character file.

Game seed: 825088343523995037

164 theswoord the Slasher (level 5, 0/30 HPs)
             Began as a Tengu Reaver on Mar 15, 2023.
             Slain by an ogre
             ... wielding a +0 giant club
              (29 damage)
             ... on level 3 of the Dungeon.
             The game lasted 00:04:41 (2135 turns).

theswoord the Slasher (Tengu Reaver)                Turns: 2135, Time: 00:04:42

Health: 0/30       AC:  3    Str: 14    XL:     5   Next: 45%
Magic:  9/9        EV: 14    Int: 13    God:
Gold:   161        SH:  0    Dex: 13    Spells: 7/8 levels left

rFire   . . .      SeeInvis .    g - +1 long sword
rCold   . . .      Faith    .    (no shield)
rNeg    . . .      Spirit   .    b - +0 leather armour
rPois   +          Reflect  .    (helmet restricted)
rElec   .          Harm     .    (no cloak)
rCorr   .          Rampage  .    (no gloves)
Will    .....                    (boots unavailable)
Stlth   +                        (no amulet)
HPRegen 0.25/turn                k - ring of poison resistance
MPRegen 0.11/turn                (no ring)

@: flying quickly and evasively, quick
A: beak, talons 3, nimble flight
a: no special abilities


You were on level 3 of the Dungeon.
You visited 1 branch of the dungeon, and saw 4 of its levels.

You collected 161 gold pieces.

Inventory:

Hand Weapons
 a - a +0 falchion
 g - a +1 long sword (weapon)
Armour
 b - a +0 leather armour (worn)
Jewellery
 k - a ring of poison resistance (left hand)
 m - a ring of willpower
Scrolls
 c - a scroll of identify
 e - a scroll of teleportation
 h - 2 scrolls of fog
Potions
 d - a potion of ambrosia
 f - a potion of heal wounds {unknown}
 i - 2 potions of invisibility
 j - a potion of brilliance {unknown}
 l - a potion of lignification {unknown}


   Skills:
 - Level 2.0 Fighting
 + Level 6.5 Long Blades
 - Level 2.1 Dodging
 - Level 2.0 Spellcasting
 - Level 4.0 Conjurations


You had 7 spell levels left.
You knew the following spells:

 Your Spells              Type           Power      Damage    Failure   Level
a - Kiss of Death         Conj/Necr      24%        2d7       14%         1

Your spell library contained the following spells:

 Spells                   Type           Power      Damage    Failure   Level
 Momentum Strike          Conj/Tloc      12%        3d8       22%         2
 Hailstorm                Conj/Ice       6%         3d4       38%         3


Dungeon Overview and Level Annotations

Branches:
Dungeon (4/15)
 Temple: D:4-7

Altars:
Dithmenos
Elyvilon


Innate Abilities, Weirdness & Mutations

You have a beak for a mouth.
You have claws for feet.
Your magical nature lets you fly swiftly and evasively.


Message History

Found a throwing net.
A quokka comes into view.
A quokka is nearby!
A giant cockroach comes into view.
The quokka twitches its whiskers.
The quokka barely misses you.
You hit the giant cockroach. Your peck misses the giant cockroach.
The quokka barely misses you. The giant cockroach barely misses you.
The quokka closely misses you.
You hit the giant cockroach.
You kill the giant cockroach!
The quokka misses you.
You hit the quokka. Your kick misses the quokka. The quokka closely misses you.
You slash the quokka!
You kill the quokka!
No target in view!
Found a sling.
A ball python comes into view.
A ball python is nearby!
The ball python hisses angrily.
You slash the ball python!
You kill the ball python!
No target in view!
No target in view!
There is a fountain of clear blue water here.
You now have 161 gold pieces (gained 12).
j - a bubbling amethyst potion A bat comes into view.
A bat is nearby!
An ogre comes into view. It is wielding a +0 giant club.
The ogre shouts!
The bat barely misses you.
You completely miss the bat. Your peck misses the bat.
The bat completely misses you. The bat hits you but does no damage.
The bat hits you.
You slash the bat!
You kill the bat!
The ogre hits you with a +0 giant club!!
Ouch! That really hurt!
You die...

..................#
..................#
..................#
.##..#............#
.###.#............#
.###.###########..#
.....# #..# .....#
#..## .....# #@..#
####.# #O..# # #.#
#...# ####.# #...#
.....# #...# ####.#
#...# #.# #...# ###
#...#


You could see an ogre.

Vanquished Creatures
  Terence (D:3)
  6 adders
  2 worms (D:2)
  4 orcs (D:2)
  6 ball pythons
  4 endoplasms
  7 giant cockroaches
  6 goblins
  3 hobgoblins
  4 jackals
  6 quokkas
  4 bats
  4 frilled lizards
  10 kobolds
  5 rats
72 creatures vanquished.

Notes
Turn   | Place    | Note
-------+----------+-------------------------------------------
     0 | D:1      | theswoord the Tengu Reaver began the quest for the Orb.
     0 | D:1      | Reached XP level 1. HP: 12/12 MP: 4/4
   202 | D:1      | Reached XP level 2. HP: 16/17 MP: 6/6
   237 | D:1      | Reached skill level 4 in Long Blades
   554 | D:1      | Reached XP level 3. HP: 13/21 MP: 7/7
   866 | D:1      | Reached skill level 5 in Long Blades
  1018 | D:2      | Reached XP level 4. HP: 17/26 MP: 8/8
  1189 | D:2      | Found a shadowy altar of Dithmenos.
  1358 | D:2      | You fall into a shaft and drop 2 floors!
  1469 | D:3      | Noticed Terence
  1474 | D:3      | Killed Terence
  1475 | D:3      | Reached skill level 6 in Long Blades
  1475 | D:3      | Gained mutation: Your magical nature lets you fly swiftly
                  | and evasively. [Tengu growth]
  1475 | D:3      | Reached XP level 5. HP: 24/30 MP: 9/9
  1595 | D:3      | Found a white marble altar of Elyvilon.
  1767 | D:2      | Found a faded altar of an unknown god.
  2131 | D:3      | Noticed an ogre
  2135 | D:3      | Slain by an ogre

Skill      XL: |  1  2  3  4 |
---------------+-------------+-----
Long Blades    | 4 5 6 |  6.5
Fighting       | |  2.0
Dodging        | |  2.1
Spellcasting   | |  2.0
Conjurations   | |  4.0

Action                     |  1- 3 |  4- 6 || total
---------------------------+-------+-------++-------
  Melee: Falchion          |    27 |       ||    27
         Kick              |    21 |    20 ||    41
         Peck              |     8 |     9 ||    17
         Long sword        |    51 |    79 ||   130
    Use: Scroll            |     3 |     4 ||     7
   Stab: Sleeping          |     1 |     1 ||     2
 Armour: Leather armour    |    25 |    10 ||    35
  Dodge: Dodged            |    51 |    63 ||   114

Levels and vault maps discovered:
D:1:      heliophobic_arrival_enchanted_forest, layout_loops_cross
D:2:      layout_rooms, hellmonk_ecumenical_altar_defaced_shrine, basic_altar,
          serial_forest, infiniplex_forest_clump_small,
          infiniplex_forest_straight_4, infiniplex_forest_clump_cross,
          infiniplex_forest_straight_5, infiniplex_forest_lined_room_2,
          minmay_vboxes
D:3:      layout_rooms, elyvilon_altar_5, lemuel_coloured_pillars_altar,
          nicolae_figureground_pulse, uniq_crazy_yiuf_cottage, uniq_terence
D:4:      layout_loops_corners, mainiacjoe_overflow_alcove_1,
          nicolae_qazlal_eye_of_the_storm, minmay_temple_entry_wispy
